Map: Newkirk Precinct TE (Void)

Players

SifTheAbyss - Winner!

  • Race: Terran Terran
  • League: Diamond
  • Spawn Location: 5:00

Fropez

  • Race: Protoss Protoss
  • League: Platinum
  • Spawn Location: 7:00

VOD

Have the link to the VOD?

Description

Time

  • Played on: Jan. 30, 2017, 2:10 p.m.
  • Length: 10:17
Show
View Real Time Build Order
Export as new Build Order

SifTheAbyss Terran - Winner!

Build Orders: MMM Bio 

Get SALT Encoding   

  12  0:01  SCV  
  13  0:13  SCV  
  14  0:19  Supply Depot  
  14  0:25  SCV  
  15  0:40  SCV  
  15  0:42  Barracks  
  16  0:51  Refinery  
  16  0:52  SCV  
  17  1:04  SCV  
  18  1:16  SCV  
  19  1:37  Orbital Command  
  19  1:43  Marine  
  20  1:48  Supply Depot  
  20  2:01  Marine  
  21  2:12  SCV  
  22  2:21  Marine  
  23  2:28  Barracks  
  23  2:35  Command Center  
  23  2:39  Marine  
  24  2:57  Barracks Reactor  
  24  3:04  SCV  
  25  3:09  Factory  
  25  3:15  Barracks Tech Lab  
  25  3:16  SCV  
  26  3:28  SCV  
  27  3:38  Stimpack  
  27  3:40  SCV  
  28  3:44  Refinery  
  28  3:52  Supply Depot  
  28  3:53  Marine x2  
  28  3:54  Marauder  
  32  3:56  Factory Reactor  
  32  4:04  Starport  
  32  4:05  SCV  
  32  4:09  Orbital Command  
  33  4:15  Marine, Marauder  
  36  4:19  Marine  
  37  4:29  SCV  
  38  4:41  SCV  
  38  4:45  Marine x3  
  42  4:46  Factory Tech Lab  
  42  4:51  SCV  
  43  4:53  SCV  
  43  4:56  Medivac x2  
  48  5:03  SCV, Supply Depot  
  49  5:15  Supply Depot  
  49  5:16  Marine x3  
  49  5:17  SCV x2  
  54  5:24  Engineering Bay  
  54  5:27  Engineering Bay  
  46  5:51  SCV x2  
  42  6:07  SCV x2  
  41  6:11  Marine x2  
  41  6:12  Marauder  
  41  6:13  Combat Shields  
  44  6:19  SCV x2  
  42  6:29  Reaper  
  42  6:31  SCV x2  
  43  6:38  Supply Depot  
  43  6:42  Supply Depot  
  43  6:43  Supply Depot  
  43  6:44  SCV x2  
  45  6:56  SCV x2  
  47  7:07  Supply Depot, Medivac x2  
  51  7:08  SCV x2  
  53  7:16  Terran Infantry Weapons Level 1, Terran Infantry Armor Level 1  
  53  7:25  Marine x2, Marauder  
  53  7:27  SCV x2  
  59  8:03  Medivac x2  
  59  8:04  Marine x2  
  59  8:05  Marauder  
  67  8:06  Concussive Shells  
  67  8:08  SCV x2  
  69  8:20  SCV x2  
  71  8:32  SCV x2  
  65  9:02  Marauder  
  65  9:03  Marine x2  
  66  9:20  Marine  
  66  9:21  Marine  
  66  9:22  Medivac x2  
  74  9:24  Marauder  
  74  9:35  Siege Tank  
  78  9:38  SCV x2  
  79  9:50  SCV x2  
  76  10:02  SCV x2  
Show
View Real Time Build Order
Export as new Build Order

Fropez Protoss 

Build Orders:  

Get SALT Encoding   

  12  0:01  Probe (Chrono Boost)  
  13  0:11  Probe (Chrono Boost)  
  14  0:18  Pylon  
  14  0:25  Probe (Chrono Boost)  
  15  0:37  Gateway  
  15  0:39  Probe (Chrono Boost)  
  16  0:44  Assimilator  
  16  0:49  Probe (Chrono Boost)  
  17  1:00  Probe (Chrono Boost)  
  18  1:07  Assimilator  
  18  1:14  Probe (Chrono Boost)  
  19  1:30  Pylon  
  19  1:36  Pylon  
  19  1:41  Pylon  
  19  1:42  Probe (Chrono Boost)  
  19  1:45  Pylon  
  20  1:48  Pylon  
  20  2:04  Nexus  
  20  2:06  Pylon  
  20  2:11  Pylon  
  20  2:19  Probe (Chrono Boost)  
  20  2:26  Cybernetics Core  
  21  2:30  Probe (Chrono Boost), Gateway  
  21  2:40  Probe (Chrono Boost)  
  22  2:45  Pylon  
  22  2:51  Probe (Chrono Boost)  
  23  3:04  Twilight Council  
  23  3:11  Probe (Chrono Boost)  
  23  3:12  Warp Gate  
  24  3:15  Pylon  
  28  3:25  Adept x2  
  27  3:39  Pylon, Resonating Glaives  
  29  3:42  Mothership Core (Chrono Boost)  
  29  3:52  Adept  
  29  3:53  Adept  
  33  4:07  Probe x2 (Chrono Boost)  
  35  4:13  Gateway  
  35  4:19  Probe (Chrono Boost)  
  35  4:23  Adept x2  
  40  4:38  Probe x2 (Chrono Boost)  
  42  4:40  Assimilator  
  42  4:50  Probe (Chrono Boost)  
  42  4:52  Forge  
  43  4:54  Pylon  
  43  4:58  Probe (Chrono Boost)  
  44  5:02  Probe (Chrono Boost)  
  45  5:10  Probe (Chrono Boost)  
  47  5:14  Probe (Chrono Boost)  
  47  5:17  Adept x3  
  51  5:47  Blink  
  49  6:00  Stalker x2  
  49  6:01  Protoss Ground Weapons Level 1  
  47  6:05  Probe x2 (Chrono Boost)  
  47  6:18  Nexus  
  45  6:30  Adept x3  
  47  6:39  Gateway  
  48  6:41  Probe x2 (Chrono Boost)  
  48  6:42  Robotics Facility  
  49  6:50  Pylon  
  49  6:52  Pylon  
  49  6:54  Pylon  
  49  6:55  Adept x3  
  55  7:14  Assimilator  
  57  7:16  Probe x2 (Chrono Boost)  
  57  7:21  Photon Cannon  
  57  7:25  Photon Cannon  
  57  7:28  Probe (Chrono Boost)  
  57  7:29  Pylon, Probe (Chrono Boost), Assimilator, Stalker x2  
  63  7:31  Probe (Chrono Boost)  
  63  7:34  Observer  
  65  7:40  Pylon  
  65  7:41  Probe (Chrono Boost)  
  65  7:43  Pylon  
  65  7:44  Adept  
  68  7:48  Probe (Chrono Boost)  
  68  7:50  Probe (Chrono Boost)  
  70  7:55  Observer  
  71  8:00  Sentry x3  
  77  8:08  Probe (Chrono Boost), Robotics Facility  
  77  8:10  Probe (Chrono Boost)  
  79  8:15  Probe (Chrono Boost)  
  79  8:19  Observer  
  82  8:20  Probe (Chrono Boost)  
  78  8:28  Adept x4  
  69  8:55  Adept x3, Immortal  
  65  9:35  Gateway  
  65  9:38  Zealot  
  54  10:09  Cybernetics Core  
Tags
 
Add a new tag
Caveats
  • Supply blocks, unpowered buildings, or Contaminate may cause inaccurate times.
  • Supply counts are checked every 10 seconds.